 Dungeon Crawl Stone Soup version 0.29-a0-286-g41199d4a87 (webtiles) character file.

Game seed: 7103389210800157286

103 Leszczynek the Chopper (level 5, -1/38 HPs)
             Began as a Human Gladiator on Mar 16, 2022.
             Killed by divine providence
             ... invoked by an orc priest
              (13 damage)
             ... on level 4 of the Dungeon.
             The game lasted 00:08:33 (1001 turns).

Leszczynek the Chopper (Human Gladiator)            Turns: 1001, Time: 00:08:34

Health: -1/38      AC:  8    Str: 17    XL:     5   Next: 6%
Magic:  5/5        EV: 11    Int:  8    God:
Gold:   39         SH:  0    Dex: 14    Spells: 4/4 levels left

rFire   . . .      SeeInvis .   a - +2 war axe (vorpal)
rCold   . . .      Faith    .   (no shield)
rNeg    . . .      Spirit   .   h - +0 ring mail
rPois   .          Reflect  .   c - +0 helmet
rElec   .          Harm     .   (no cloak)
rCorr   +          Rampage  .   o - +0 pair of gloves
Will    .....                   b - +0 pair of boots
Stlth   +.........              (no amulet)
HPRegen 0.12/turn               i - ring of flight
MPRegen 0.09/turn               m - ring of resist corrosion

@: flying
A: no striking features
a: no special abilities


You were on level 4 of the Dungeon.
You visited 1 branch of the dungeon, and saw 4 of its levels.

You collected 78 gold pieces.
You spent 39 gold pieces at shops.

Inventory:

Hand Weapons
 a - a +2 vorpal war axe (weapon)
 f - a +0 war axe
Missiles
 d - 3 throwing nets
 e - a javelin
 k - 6 poisoned darts (quivered)
Armour
 b - a +0 pair of boots (worn)
 c - a +0 helmet (worn)
 h - a +0 ring mail (worn)
 o - a +0 pair of gloves (worn)
Jewellery
 i - a ring of flight (left hand)
 m - a ring of resist corrosion (right hand)
Scrolls
 g - 6 scrolls of teleportation
 n - 2 scrolls of magic mapping
 p - 2 scrolls of immolation {!r}
 r - a scroll of summoning {unknown}
Potions
 j - a potion of curing {unknown}
 l - a potion of degeneration {unknown}
 q - a potion of resistance {unknown}


   Skills:
 - Level 2.0 Fighting
 + Level 5.3 Axes
 - Level 2.0 Throwing
 - Level 3.0 Dodging


You had 4 spell levels left.
You didn't know any spells.
Your spell library contained the following spells:

 Spells                   Type           Power      Damage    Failure   Level
 Magic Dart               Conj           0%         1d3       63%         1
 Slow                     Hex            0%         N/A       63%         1
 Summon Small Mammal      Summ           0%         N/A       63%         1
 Call Imp                 Summ           0%         N/A       77%         2
 Call Canine Familiar     Summ           0%         N/A       94%         3
 Confusing Touch          Hex            0%         N/A       94%         3
 Mephitic Cloud           Conj/Pois/Air  0%         N/A       94%         3
 Summon Guardian Golem    Hex/Summ       0%         N/A       94%         3
 Vampiric Draining        Necr           0%         2d6       94%         3
 Fireball                 Conj/Fire      0%         3d3       100%        5
 Starburst                Conj/Fire      0%         6d3       100%        6
 Ignition                 Fire           0%         3d3       100%        8


Dungeon Overview and Level Annotations

Branches:
Dungeon (4/15)
 Temple: D:4-7

Altars:
Ashenzari

Shops:
D:3 :*[

Annotations:
D:3 1 runed translucent door, Crazy Yiuf


Message History

An adder comes into view.
You see here a +2 vorpal war axe.
f - a +2 vorpal war axe The adder hisses angrily.
Okay, then.
Unknown command.
Adjust (i)tems, (s)pells, or (a)bilities?
f - a +2 vorpal war axe Adjust to which letter? (? for menu, Esc to quit)
a - a +2 vorpal war axe;
f - a +0 war axe (weapon)
a - a +2 vorpal war axe (weapon)
You barely miss the adder. The adder barely misses you.
The adder closely misses you.
You closely miss the adder. The adder bites you but does no damage.
You barely miss the adder. The adder closely misses you. x2
You hit the adder.
The adder is almost dead.
The adder closely misses you.
You closely miss the adder.
The adder is almost dead.
The adder bites you but does no damage. The adder completely misses you.
You completely miss the adder.
The adder is almost dead.
The adder bites you but does no damage. The adder misses you.
You slash the adder!
You kill the adder!
You have reached level 5!
Things that are here:
a +0 flail; a +0 leather armour; a ball python corpse You see here a ball python corpse.
The orc priest shouts!
The orc priest calls down the wrath of Beogh upon you.
Beogh smites you!
Unknown command.
The orc priest calls down the wrath of Beogh upon you.
Beogh smites you!
You hear a shout!
The orc priest mumbles some strange prayers to Beogh against you.
Beogh smites you!
You die...

S.. ..........$..#.# ...
##..o..........#
###.##..............#
....................#
.....><.............#
.....#..............####
.........†..............
###..#.............#.##
####.#)#........@.## #
................#.##.#
###....##.............
#....####......(#...
##...# #.............
#.... ##..........#.
###.. ##............
##.###.............
#....†#####.....


You could see an orc priest.

Vanquished Creatures
  3 adders
  13 orcs
  6 ball pythons
  5 bats
  5 endoplasms
  3 giant cockroaches
  5 goblins
  6 hobgoblins
  2 quokkas (D:3)
  2 frilled lizards
  3 kobolds
  4 rats
57 creatures vanquished.

Notes
Turn   | Place    | Note
-------+----------+-------------------------------------------
     0 | D:1      | Leszczynek the Human Gladiator began the quest for the Orb.
     0 | D:1      | Reached XP level 1. HP: 16/16 MP: 1/1
    90 | D:1      | Reached XP level 2. HP: 22/22 MP: 2/2
   202 | D:3      | Found Reutowk's Book Boutique.
   220 | D:3      | Reached skill level 4 in Axes
   220 | D:3      | Reached XP level 3. HP: 20/27 MP: 3/3
   529 | D:2      | Found a broken altar of Ashenzari.
   626 | D:1      | Reached XP level 4. HP: 28/33 MP: 4/4
   753 | D:3      | Reached skill level 5 in Axes
   814 | D:3      | Found a runed translucent door.
   815 | D:3      | Noticed Crazy Yiuf
   852 | D:3      | Found Celiaw's Antique Armour Shop.
   874 | D:3      | Found Bukuo's General Store.
   882 | D:3      | Bought a scroll of teleportation for 39 gold pieces
   990 | D:4      | Reached XP level 5. HP: 38/38 MP: 5/5
  1001 | D:4      | Killed from afar by an orc priest

Illustrated notes

Levels and vault maps discovered:
D:1:      psy_arrival_radial01, layout_basic, hangedman_decor_points
D:2:      layout_rooms, basic_altar, guppyfry_early_lair_pool
D:3:      layout_basic, shapermc_ecumenical_altar_petra, serial_shops, shop,
          shop, shop_fountains, nicolae_shop_advertising_works
          [nicolae_subvault_shop_adworks], shop_statue, hex_large,
          minmay_misc_feat_tower, grunt_ministairs_14, uniq_crazy_yiuf_cottage
D:4:      layout_rooms

Skill      XL: |  1  2  3  4 |
---------------+-------------+-----
Axes           | 4 5 |  5.3
Fighting       | |  2.0
Throwing       | |  2.0
Dodging        | |  3.0

Action                   |  1- 3 |  4- 6 || total
-------------------------+-------+-------++-------
Melee: War axe           |    77 |    62 ||   139
       Punch             |     2 |     1 ||     3
Throw: Throwing net      |     3 |       ||     3
       Dart              |       |     4 ||     4
  Use: Scroll            |       |     2 ||     2
Armor: Leather armour    |     8 |       ||     8
       Ring mail         |    20 |    24 ||    44
Dodge: Dodged            |    49 |    45 ||    94

Table legend: (Time is in decaauts)
 A = Elapsed time spent in this place.
 B = Non-inter-level travel time spent in this place.
 C = Inter-level travel time spent in this place.
 D = Time resting spent in this place.
 E = Time spent auto-exploring this place.
 F = Levels seen in this place.
 G = Mean time per level.
                   A        B        C        D        E       F      G
               +--------+--------+--------+--------+--------+-----+--------+
         Total |   1081 |   1081 |      0 |      0 |      0 |   4 |  270.2 |
       Dungeon |   1081 |   1081 |      0 |      0 |      0 |   4 |  270.2 |
               +--------+--------+--------+--------+--------+-----+--------+

Top non-repeatable levels by time:
     D:3: 565 daAuts
     D:1: 245 daAuts
     D:2: 177 daAuts
     D:4: 93 daAuts
